 Seeded DCSS version 0.28-a0-1152-g9c71ebef14 (webtiles) character file.

Game seed: 20211214 (custom seed)

2064 muata the Grappler (level 9, -1/87 HPs)
             Began as a Troll Monk on Dec 14, 2021.
             Succumbed to a killer bee's poison
             ... on level 7 of the Dungeon on Dec 15, 2021.
             The game lasted 00:17:09 (4901 turns).

muata the Grappler (Troll Monk)                     Turns: 4901, Time: 00:17:10

Health: -1/87      AC:  4    Str: 23    XL:     9   Next: 5%
Magic:  8/8        EV: 11    Int:  6    God:
Gold:   343        SH:  0    Dex: 14    Spells: 8/8 levels left

rFire   . . .      SeeInvis +     - Unarmed
rCold   . . .      Faith    +   (no shield)
rNeg    . . .      Spirit   .   a - +0 robe
rPois   .          Reflect  .   (helmet restricted)
rElec   .          Harm     .   (no cloak)
rCorr   .          Rampage  .   (gloves unavailable)
Will    .....                   (boots unavailable)
Stlth   ++........              e - amulet of faith
HPRegen 1.04/turn               l - ring of see invisible
MPRegen 0.11/turn               (no ring)

@: brilliant, lethally poisoned (-1 -> -5)
A: large, unfitting armour, claws 3, regeneration 1, shaggy fur 1, tough skin 1,
see invisible, inability to read while threatened
a: no special abilities


You were on level 7 of the Dungeon.
You visited 1 branch of the dungeon, and saw 7 of its levels.
You also visited: Sewer.

You collected 343 gold pieces.

Inventory:

Armour
 a - a +0 robe (worn)
Jewellery
 e - an amulet of faith (around neck)
 l - a ring of see invisible (left claw)
Wands
 m - a wand of iceblast (8)
 v - a wand of acid (12)
Scrolls
 b - 2 scrolls of vulnerability {unknown}
 d - 7 scrolls of identify {unknown}
 f - a scroll of fog {unknown}
 i - a scroll of amnesia {unknown}
 j - 4 scrolls of magic mapping {unknown}
 n - a scroll of holy word {unknown}
 o - a scroll of enchant weapon {unknown}
 p - 2 scrolls of noise {unknown}
 r - a scroll of immolation {unknown}
 s - 2 scrolls of teleportation {unknown}
 u - a scroll of enchant armour {unknown}
Potions
 c - 3 potions of curing {unknown}
 g - 2 potions of brilliance
 h - 3 potions of heal wounds {unknown}
 k - a potion of mutation
 q - a potion of haste {unknown}
 t - a potion of flight {unknown}


   Skills:
 + Level 4.8 Fighting
 + Level 4.1 Dodging
 - Level 1.0 Stealth
 - Level 10.4 Unarmed Combat


You had 8 spell levels left.
You didn't know any spells.
Your spell library contained the following spells:

 Spells                   Type           Power      Damage    Failure   Level
 Freeze                   Ice            0%         1d3       45%         1
 Static Discharge         Conj/Air       0%         N/A       58%         2
 Sublimation of Blood     Necr           0%         N/A       58%         2
 Wereblood                Tmut           0%         N/A       58%         2
 Conjure Flame            Conj/Fire      0%         6-21      83%         3
 Frozen Ramparts          Ice            0%         1d2       83%         3
 Gell's Gravitas          Tloc           0%         N/A       83%         3
 Ignite Poison            Fire/Tmut/Pois 0%         N/A       83%         3
 Lesser Beckoning         Tloc           0%         N/A       83%         3
 Teleport Other           Tloc           0%         N/A       83%         3
 Dispel Undead            Necr           0%         3d6       99%         4
 Hailstorm                Conj/Ice       0%         3d3       99%         4
 Sticky Flame             Conj/Fire      0%         2d3       99%         4
 Summon Hydra             Summ           0%         N/A       100%        7


Dungeon Overview and Level Annotations

Branches:
Dungeon (7/15)             Temple (0/1) D:5           Sewer (visited)

Altars:
Dithmenos
Elyvilon
Fedhas
Gozag
Hepliaklqana
Xom
The Shining One

Shops:
D:3 *   D:7 :


Innate Abilities, Weirdness & Mutations

You are too large for most types of armour.
You have claws for hands.
Your natural rate of healing is unusually fast.
You are covered in fur. (AC +1)
You have tough skin. (AC +1)
You have supernaturally acute eyesight. (SInv)
You sometimes lose the ability to read scrolls when taking damage.


Message History

You feel stronger. x3
You miss the killer bee.
You feel sick. The killer bee stings you.
You are more poisoned.
The killer bee poisons you! The killer bee barely misses you.
You barely miss the killer bee.
You feel sick.
The killer bee stings you but does no damage.
You miss the killer bee.
You feel sick. The killer bee misses you. The killer bee stings you.
You are more poisoned.
The killer bee poisons you!
You miss the killer bee. You claw the killer bee!
You kill the killer bee!
You feel very sick.
You miss the killer bee.
You feel sick. The killer bee stings you! x2
* * * LOW HITPOINT WARNING * * *
You barely miss the killer bee.
You feel sick. The killer bee misses you. The killer bee stings you.
* * * LOW HITPOINT WARNING * * *
You are more poisoned.
The killer bee poisons you!
You miss the killer bee.
You feel very sick. The killer bee closely misses you.
You miss the killer bee.
You feel sick.
The killer bee completely misses you. x2
You closely miss the killer bee.
You feel sick. The killer bee stings you.
* * * LOW HITPOINT WARNING * * *
You are lethally poisoned!
The killer bee poisons you!
You mangle the killer bee!!
You kill the killer bee!
* * * LOW HITPOINT WARNING * * *
You feel very sick.
It was a potion of brilliance.
You feel clever all of a sudden.
* * * LOW HITPOINT WARNING * * *
You feel very sick.
It was a potion of mutation.
You feel extremely strange.
You lose the ability to read scrolls when threatened.
Your vision sharpens.
You die...

#......#....# #.
###.##.##.#.###.
#.##.#.....##.
#.##.###.#.##.
..##..........
########..#### .
..............
##..##################.####
...#.....†@.........##.....
#y##..#############.##...##
..y.. #.##...## ....
#......## ... ####.#... ..
#######.#... . ............
#######.##.# #.#...


There were no monsters in sight!

Vanquished Creatures
  Grinder (D:5)
  A sky beast (D:7)
  A hornet zombie (D:7)
  3 ogres
  A centaur (D:6)
  A phantom (D:4)
  Blork the orc (D:6)
  2 bullfrogs
  2 scorpions (D:4)
  A water moccasin zombie (D:6)
  A water moccasin skeleton (D:5)
  5 killer bees (D:7)
  A centaur zombie (D:5)
  4 hounds
  An orc priest (D:6)
  2 jellies
  A centaur skeleton (D:6)
  2 iguanas
  Crazy Yiuf (D:4)
  2 orc wizards
  Natasha (twice) (D:3)
  4 gnolls (D:2)
  4 adders
  A shadow imp (D:7)
  A white imp (D:5)
  2 worms (D:3)
  25 orcs
  8 ball pythons
  3 bats (D:1)
  7 endoplasms
  8 giant cockroaches
  3 goblins
  6 hobgoblins
  2 jackals (D:4)
  6 quokkas
  12 frilled lizards
  10 kobolds
  A quokka skeleton (D:4)
  12 rats
151 creatures vanquished.

Vanquished Creatures (others)
  An orc (D:4)
  A plant (D:1)
2 creatures vanquished.

Grand Total: 153 creatures vanquished

Notes
Turn   | Place    | Note
-------+----------+-------------------------------------------
     0 | D:1      | muata the Troll Monk began the quest for the Orb.
     0 | D:1      | Reached XP level 1. HP: 22/22 MP: 0/0
   112 | D:1      | Reached XP level 2. HP: 29/29 MP: 1/1
   465 | D:1      | Reached XP level 3. HP: 34/37 MP: 2/2
   975 | D:2      | Reached skill level 4 in Unarmed Combat
   984 | D:2      | Reached XP level 4. HP: 26/45 MP: 3/3
  1642 | D:3      | Noticed Natasha
  1648 | D:3      | Killed Natasha
  1703 | D:3      | Found a white marble altar of Elyvilon.
  1716 | D:3      | Found Gozag's Platinum Reserve.
  1719 | D:3      | Found an opulent altar of Gozag.
  1741 | D:3      | Reached XP level 5. HP: 53/53 MP: 4/4
  1914 | D:3      | Found a glowing golden altar of the Shining One.
  1914 | D:3      | Noticed Natasha
  1922 | D:3      | Killed Natasha
  1923 | D:3      | Reached skill level 5 in Unarmed Combat
  1934 | D:3      | Found a hazy altar of Hepliaklqana.
  1938 | D:3      | Found a shadowy altar of Dithmenos.
  1938 | D:3      | Noticed a shadow
  2083 | D:4      | Noticed a phantom
  2088 | D:4      | Killed a phantom
  2089 | D:4      | Reached skill level 6 in Unarmed Combat
  2089 | D:4      | Reached XP level 6. HP: 53/61 MP: 5/5
  2339 | D:4      | Found a blossoming altar of Fedhas.
  2359 | D:4      | Reached skill level 7 in Unarmed Combat
  2388 | D:4      | Found a shimmering altar of Xom.
  2528 | D:4      | Found a runed translucent door.
  2529 | D:4      | Noticed Crazy Yiuf
  2660 | D:4      | Killed Crazy Yiuf
  2699 | D:5      | Entered Level 5 of the Dungeon
  2708 | D:5      | Noticed Grinder
  2716 | D:5      | Killed Grinder
  2717 | D:5      | Reached skill level 8 in Unarmed Combat
  2717 | D:5      | Reached XP level 7. HP: 61/67 MP: 6/6
  2813 | D:5      | Found a staircase to the Ecumenical Temple.
  2984 | D:5      | Reached skill level 9 in Unarmed Combat
  3000 | D:5      | Found a glowing drain.
  3010 | Sewer    | Entered a sewer
  3202 | Sewer    | Reached XP level 8. HP: 75/75 MP: 7/7
  3232 | Sewer    | Identified the +1 ring mail of Baldness {-Cast Will+++
                  | Str+4}
  3725 | D:6      | Reached skill level 10 in Unarmed Combat
  3864 | D:6      | Noticed Blork the orc
  3871 | D:6      | Killed Blork the orc
  4620 | D:7      | Found Lefuz's Book Emporium.
  4890 | D:7      | Reached XP level 9. HP: 47/85 MP: 8/8
  4899 | D:7      | HP: 4/87 [poisoned by a killer bee]
  4900 | D:7      | HP: 1/87 [poisoned by a killer bee]
  4901 | D:7      | Gained mutation: You sometimes lose the ability to read
                  | scrolls when taking damage. [potion of mutation]
  4901 | D:7      | Gained mutation: You have supernaturally acute eyesight.
                  | (SInv) [potion of mutation]
  4901 | D:7      | Succumbed to a killer bee's poison

Illustrated notes

Levels and vault maps discovered:
D:1:      wander_arrival_estate, layout_loops_ring, serial_forest,
          infiniplex_forest_clump_small, infiniplex_forest_diagonal,
          infiniplex_forest_side_room, infiniplex_forest_lined_2,
          infiniplex_forest_clump_curved, infiniplex_forest_end_3,
          infiniplex_forest_clump_curved, infiniplex_forest_straight_4
D:2:      layout_basic
D:3:      layout_rooms, riverfiend_overflow_shadow_ancestor,
          general_overflow_altar, mainiacjoe_overflow_alcove_2,
          nicolae_gozag_zags_fifth_avenue, uniq_natasha
D:4:      layout_cave_pools, mainiacjoe_overflow_cross_hatched,
          mainiacjoe_overflow_catwalk, grunt_ministairs_4,
          uniq_crazy_yiuf_cottage
D:5:      layout_loops_cross, minmay_temple_entry_drinking_statues,
          gup_sewer_entry_bowl, uniq_grinder
D:6:      layout_loops_cross, serial_bayou_pond_d, minmay_small_thing,
          uniq_blork_the_orc
D:7:      layout_basic, kennysheep_little_box,
          mainiacjoe_overflow_surrounded_room, serial_shops,
          nicolae_shop_window_shopping, nicolae_concentric_dashed_squares_mild

Skill      XL: |  1  2  3  4  5  6  7  8 |
---------------+-------------------------+-----
Fighting       | 3 4 |  4.8
Unarmed Combat | 4 6 8 9 10 | 10.4
Dodging        | 4 |  4.1
Stealth        | |  1.0

Action                   |  1- 3 |  4- 6 |  7- 9 || total
-------------------------+-------+-------+-------++-------
Melee: Unarmed           |    85 |   116 |   175 ||   376
       Punch             |       |     1 |     3 ||     4
  Use: Potion            |       |       |     2 ||     2
 Stab: Sleeping          |     5 |     4 |     1 ||    10
       Distracted        |       |     1 |     1 ||     2
Armor: Robe              |    30 |    26 |    37 ||    93
Dodge: Dodged            |    49 |    35 |    75 ||   159

Table legend: (Time is in decaauts)
 A = Elapsed time spent in this place.
 B = Non-inter-level travel time spent in this place.
 C = Inter-level travel time spent in this place.
 D = Time resting spent in this place.
 E = Time spent auto-exploring this place.
 F = Levels seen in this place.
 G = Mean time per level.
                   A        B        C        D        E       F      G
               +--------+--------+--------+--------+--------+-----+--------+
         Total |   4909 |   4630 |    279 |     86 |   3132 |   8 |  613.6 |
       Dungeon |   4634 |   4355 |    279 |     86 |   3027 |   7 |  662.0 |
         Sewer |    275 |    275 |      0 |      0 |    104 |   1 |  275.0 |
               +--------+--------+--------+--------+--------+-----+--------+

Top non-repeatable levels by time:
     D:2: 811 daAuts
     D:6: 798 daAuts
     D:5: 759 daAuts
     D:1: 749 daAuts
     D:4: 622 daAuts
     D:3: 499 daAuts
     D:7: 392 daAuts
   Sewer: 275 daAuts
